 Dungeon Crawl Stone Soup version 0.18.1-6-gd335043 (webtiles) character file.

172492 Implojin the Spry (level 17, -2/142 HPs)
             Began as a Mummy Monk on May 17, 2016.
             Killed from afar by a shock serpent (27 damage)
             ... with a bolt of electricity
             ... on level 3 of the Snake Pit.
             The game lasted 04:49:09 (83934 turns).

Implojin the Spry (Mummy Monk)                     Turns: 83934, Time: 04:49:09

Health: -2/142     AC: 10    Str: 15    XL:     17   Next: 41%
Magic:  17/17      EV: 33    Int: 10    God:
Gold:   1604       SH: 14    Dex: 23    Spells: 0 memorised, 16 levels left

rFire  . . .     SeeInvis .       - Unarmed
rCold  . . .     Gourm    .     (no armour)
rNeg   + + +     Faith    .     y - +0 shield
rPois  ∞         Spirit   .     z - +1 hat {MR+}
rElec  .         Dismiss  .     b - +2 cloak
rCorr  .         Reflect  .     K - +2 pair of gloves
SustAt .         Harm     .     F - +2 pair of boots
MR     ++++.                    (no amulet)
Stlth  ++........               t - +5 ring of evasion {waow}
                                h - ring "Nuryniva" {Fire MR+ Dex+3}

@: studying Dodging, incredibly resistant to hostile enchantments, unstealthy
A: no food or potions, fire vulnerability, cold resistance 1, negative energy
resistance 3, torment resistance, unbreathing, in touch with death 1, restore
body
a: Self-Restoration


You were on level 3 of the Snake Pit.
You were not hungry.

You visited 5 branches of the dungeon, and saw 30 of its levels.
You also visited: Labyrinth and Sewer.

You collected 2936 gold pieces.
You spent 1332 gold pieces at shops.

Inventory:

Hand Weapons
 G - a +0 dagger of distortion
Armour
 b - a +2 cloak (worn)
 s - a +2 buckler {i'm using a buckler and nobody can stop me~}
 y - a +0 shield (worn)
 z - a +1 hat of magic resistance (worn)
 F - a +2 pair of boots (worn)
 K - a +2 pair of gloves (worn)
 R - a +0 large shield
 S - a +2 buckler
Magical Staves
 j - an uncursed staff of poison {unknown}
Rods
 i - a +3 iron rod (10/10)
   (You found it on level 7 of the Lair of Beasts)
Jewellery
 a - an uncursed ring of sustain attributes
 c - an uncursed ring of fire
 d - an uncursed ring of resist corrosion
 h - the ring "Nuryniva" (left hand) {Fire MR+ Dex+3}
   (You bought it in a shop on level 2 of the Orcish Mines)

   [ring of fire]

   It enhances your fire magic, and weakens your ice magic.
   It affects your dexterity (+3).
   It protects you from fire.
   It makes you vulnerable to cold.
   It affects your resistance to hostile enchantments.
 k - an uncursed ring of magical power
 q - the ring "Hoipredy" {rPois rF+ rN+ Int-5 Stlth+}
   (You found it on level 2 of the Lair of Beasts)

   [ring of stealth]

   It affects your intelligence (-5).
   It protects you from fire.
   It protects you from poison.
   It protects you from negative energy.
   It makes you more stealthy.
 t - a +5 ring of evasion (right hand) {waow}
 A - an uncursed ring of see invisible
 B - an uncursed ring of flight
 H - an uncursed ring of ice
 J - an uncursed ring of fire
 N - an uncursed ring of ice
 T - a +4 ring of dexterity
 W - an uncursed amulet of faith {unknown}
Wands
 o - a wand of enslavement (8/24)
 r - a wand of paralysis (19/24)
 v - a wand of teleportation (5/9)
 x - a wand of acid (7/15)
 D - a wand of heal wounds (3/9)
 E - a wand of teleportation (4/9)
Scrolls
 e - 6 scrolls of random uselessness
 f - 18 scrolls of remove curse
 g - 6 scrolls of recharging
 l - 2 scrolls of noise
 n - 2 scrolls of holy word
 p - 9 scrolls of amnesia
 C - 2 scrolls of magic mapping
 I - 4 scrolls of immolation
 M - 3 scrolls of vulnerability
 O - 2 scrolls of enchant weapon (quivered)
 Q - a scroll of enchant armour
 V - 2 scrolls of identify
 X - a scroll of blinking
Books
 m - a manual of Dodging {hory shet}
 u - a book of Beasts

   Spells                             Type                      Level
   a - Summon Butterflies             Summoning                    1
   b - Call Canine Familiar           Summoning                    3
   c - Summon Ice Beast               Ice/Summoning                4
   d - Summon Mana Viper              Hexes/Summoning              5
   e - Summon Hydra                   Summoning                    7
 w - a book of Transfigurations

   Spells                             Type                      Level
   a - Irradiate                      Conjuration/Transmutation    5
   b - Statue Form                    Transmutation/Earth          6
   c - Hydra Form                     Transmutation                6
   d - Dragon Form                    Transmutation                7
 L - a book of Conjurations

   Spells                             Type                      Level
   a - Magic Dart                     Conjuration                  1
   b - Searing Ray                    Conjuration                  2
   c - Dazzling Spray                 Conjuration/Hexes            3
   d - Fulminant Prism                Conjuration/Hexes            4
   e - Iskenderun's Mystic Blast      Conjuration                  4
   f - Iskenderun's Battlesphere      Conjuration/Charms           5
Comestibles
 P - 3 bread rations


   Skills:
 - Level 15.0 Fighting
 * Level 15.1 Dodging
 - Level 1.5 Stealth
 - Level 15.0 Shields
 - Level 13.1 Unarmed Combat


You had 16 spell levels left.
You didn't know any spells.

Dungeon Overview and Level Annotations

Branches:
Dungeon (15/15)            Temple (0/1) D:4            Lair (8/8) D:10
  Swamp (2/4) Lair:3        Snake (3/4) Lair:4        Slime (0/6) Lair:7
    Orc (2/2) D:11            Elf (0/3) Orc:2        Vaults (0/5) D:13
 Depths (0/5) D:15

Altars:
Ashenzari
Dithmenos
Elyvilon
Fedhas
Kikubaaqudgha
Makhleb
Nemelex Xobeh
Pakellas
Qazlal
Ru
Sif Muna
Vehumet
Yredelemnul
The Shining One
Beogh

Shops:
D:10 [   Orc:2 =(*   Snake:3 :

Annotations:
D:10 !ugly thing wandering care, exclusion: 2 doors
D:14 !rupert wandering care, Rupert
Lair:2 exclusion: downstairs
Lair:3 !couple of hydras near stairs care
Lair:5 Azrael
Swamp:1 !spriggan rider, ghost crab, 8h hydra wandering + 8h by :2 stairs, Donald


Innate Abilities, Weirdness & Mutations

You do not eat or drink.
Your flesh is vulnerable to fire.
You are immune to poison.
Your flesh is cold resistant.
You are immune to negative energy.
You are immune to unholy pain and torment.
You can survive without breathing.
You are in touch with the powers of death.
You can restore your body by infusing magical energy.


Message History

Unknown command.
You hit the shock serpent but do no damage.
The shock serpent is moderately wounded.
The shock serpent bites you.
* * * LOW HITPOINT WARNING * * *
The shock serpent shocks you!
* * * LOW HITPOINT WARNING * * *
You punch the shock serpent!
The shock serpent is severely wounded.
The shock serpent's electric aura discharges, shocking you!
* * * LOW HITPOINT WARNING * * *
You block the shock serpent's attack.
Unknown command.
Read which item? (? for menu, Esc to quit)
Okay, then.
Unknown command.
Read which item? (? for menu, Esc to quit)
Okay, then.
Read which item? (? for menu, Esc to quit)
As you read the scroll of teleportation, it crumbles to dust.
You feel strangely unstable. The shock serpent misses you.
You block the shock serpent's attack.
You punch the shock serpent!
The shock serpent is almost dead.
The shock serpent's electric aura discharges, shocking you!
* * * LOW HITPOINT WARNING * * *
The shock serpent completely misses you.
You hit the shock serpent.
The shock serpent is almost dead.
You block the shock serpent's attack.
You barely miss the shock serpent.
The shock serpent is almost dead.
You block the shock serpent's attack.
You barely miss the shock serpent.
The shock serpent is almost dead.
Your surroundings suddenly seem different.
A naga and a naga mage come into view.
The shock serpent shoots out a bolt of lightning at you!
The bolt of electricity hits you!
You die...

###........# #.. #........# #..
#........# #.. #........#####
#.. #..)....<[...#### ######..
###.########....########.....).
#>.# #........[....####..
####.#########..........#####
#..
.............#..@...∩.......#
#..
####..######.#..........###.#
#.. # #..#####S........N...#
#.. ####....#...##..........#
... .##..##...####..N.......#
.. .##.#.....# #..........#
....#.###)# #..........#
#.....# #.# ######.#####
#..#### #.# .#


You could see a shock serpent, a naga mage (wandering) and a naga.

Vanquished Creatures
  Gastronok (Lair:2)
  Frances (Snake:1)
  Maud (D:13)
  Louise (D:15)
  2 orc warlords (D:11)
  A stone giant (D:11)
  Nessos (Orc:2)
  Snorg (D:14)
  8 naga warriors
  13 hydras
  13 anacondas
  3 centaur warriors
  2 tengu warriors
  An alligator (Swamp:1)
  6 death yaks
  A queen ant (Lair:2)
  2 shock serpents
  4 orc high priests
  9 naga sharpshooters
  Sonja (D:13)
  6 hill giants
  4 unseen horrors
  4 naga ritualists
  8 orc knights
  7 salamanders
  5 ugly things
  5 orc sorcerers
  6 mana vipers
  A griffon (Lair:5)
  2 deep elf magi (D:14)
  4 cyclopes
  19 elephants
  2 manticores
  43 black mambas
  Maurice (D:13)
  3 guardian serpents
  15 naga magi
  A gargoyle (D:10)
  The ghost of grandjackal the Digger, a novice FoEE (D:4)
  25 spiny frogs
  12 komodo dragons
  6 rime drakes
  A tengu conjurer (D:13)
  11 polar bears
  A polar bear (shapeshifter) (D:13)
  A giant leech (Swamp:1)
  9 trolls
  5 two-headed ogres
  Prince Ribbit (D:6)
  3 raiju
  A bog body (Swamp:1)
  7 slime creatures (D:14)
  15 blink frogs
  A vampire (D:15)
  A spriggan (D:9)
  A wraith (D:15)
  A shadow (D:10)
  A tarantella (shapeshifter) (D:11)
  Sigmund (D:5)
  47 yaks
  2 basilisks (Lair:4)
  3 fire elementals
  A steam dragon (D:13)
  6 hungry ghosts
  14 hippogriffs
  9 wargs
  Menkaure (D:4)
  2 vampire mosquitoes
  7 swamp worms
  4 insubstantial wisps (Swamp:1)
  39 nagas
  8 soldier ants (Lair:2)
  8 hell hounds
  19 water moccasins
  44 orc warriors
  17 porcupines
  5 swamp drakes
  15 ice beasts
  7 sky beasts
  A necrophage (D:5)
  3 wasps
  14 black bears
  36 wolves
  23 ogres
  2 phantoms
  5 boggarts
  18 crocodiles
  8 centaurs
  4 big kobolds
  A gnoll sergeant (D:8)
  32 giant frogs
  A wyvern zombie (D:10)
  2 scorpions (D:4)
  12 killer bees
  4 electric eels (Lair:1)
  5 wights (D:8)
  8 howler monkeys
  10 crimson imps
  A giant frog zombie (D:13)
  A quasit (D:11)
  19 hounds
  Crazy Yiuf (D:2)
  7 centaur skeletons
  4 centaur zombies
  9 jellies
  3 giant frog skeletons
  22 orc priests
  21 orc wizards
  12 iguanas
  26 worker ants
  20 sheep
  A hound zombie (D:5)
  2 hound skeletons
  A worker ant zombie (D:11)
  19 gnolls
  17 adders
  A howler monkey skeleton (D:6)
  79 river rats
  17 oozes
  7 adder skeletons
  A worm (D:2)
  3 dart slugs
  17 giant geckos
  105 orcs
  16 ball pythons
  9 bats
  19 giant cockroaches
  38 goblins
  36 hobgoblins
  11 jackals
  7 quokkas
  A giant gecko skeleton (D:4)
  18 giant newts
  A jackal skeleton (D:8)
  27 kobolds
  14 rats
  4 plants
1377 creatures vanquished.

Vanquished Creatures (others)
  A hydra (D:13)
  A black mamba (Snake:3)
  A spiny frog (Swamp:1)
  A water moccasin (Lair:7)
  A wolf (Lair:8)
  A giant frog (Lair:5)
  A worker ant zombie (D:6)
  2 river rats (Lair:7)
  5 bushes (D:14)
  46 fungi
  33 plants
93 creatures vanquished.

Grand Total: 1470 creatures vanquished

Notes
Turn   | Place    | Note
--------------------------------------------------------------
     0 | D:1      | Implojin the Mummy Monk began the quest for the Orb.
     0 | D:1      | Reached XP level 1. HP: 18/18 MP: 1/1
   322 | D:1      | Reached XP level 2. HP: 24/24 MP: 2/2
   570 | D:1      | Reached skill level 4 in Unarmed Combat
  1056 | D:2      | Reached XP level 3. HP: 29/29 MP: 3/3
  1410 | D:2      | Found a radiant altar of Vehumet.
  1424 | D:2      | Reached XP level 4. HP: 35/35 MP: 4/4
  1671 | D:2      | Noticed Crazy Yiuf
  2127 | D:3      | Reached skill level 5 in Unarmed Combat
  2412 | D:4      | Found a blossoming altar of Fedhas.
  2562 | D:4      | Reached XP level 5. HP: 41/41 MP: 5/5
  3146 | D:4      | Found a glowing drain.
  3154 | Sewer    | Entered a sewer
  3380 | Sewer    | Reached skill level 6 in Unarmed Combat
  3428 | Sewer    | Reached XP level 6. HP: 46/47 MP: 6/6
  3768 | Sewer    | Reached skill level 4 in Fighting
  4065 | D:4      | Noticed grandjackal's ghost (novice FoEE)
  4099 | D:4      | Killed grandjackal's ghost
  4099 | D:4      | Reached skill level 6 in Fighting
  4099 | D:4      | Reached XP level 7. HP: 43/59 MP: 7/7
  4193 | D:4      | Found an oddly glowing altar of Pakellas.
  4393 | D:4      | Found a staircase to the Ecumenical Temple.
  4404 | D:4      | Found a shattered altar of Ashenzari.
  4675 | D:4      | Reached skill level 7 in Fighting
  4687 | D:4      | Found a deep blue altar of Sif Muna.
  5544 | D:4      | Reached XP level 8. HP: 48/67 MP: 8/8
  6020 | D:4      | Reached skill level 7 in Unarmed Combat
  6423 | D:2      | Killed Crazy Yiuf
  6622 | D:5      | Entered Level 5 of the Dungeon
  6646 | D:5      | Noticed Menkaure
  7319 | D:5      | Reached skill level 8 in Unarmed Combat
  7736 | D:4      | Killed Menkaure
  7736 | D:4      | Reached skill level 8 in Fighting
  8047 | D:6      | Reached skill level 3 in Dodging
  8047 | D:6      | Reached XP level 9. HP: 41/74 MP: 9/9
  8642 | D:6      | Found a white marble altar of Elyvilon.
  8869 | D:6      | Reached skill level 4 in Dodging
  8953 | D:6      | Noticed Prince Ribbit
  9229 | D:6      | Noticed Sigmund
  9308 | D:5      | Killed Sigmund
  9308 | D:5      | Reached skill level 5 in Dodging
  9456 | D:6      | Found an ancient bone altar of Kikubaaqudgha.
  9572 | D:6      | Killed Prince Ribbit
  9572 | D:6      | Reached skill level 6 in Dodging
  9789 | D:6      | Found a basalt altar of Yredelemnul.
  9790 | D:6      | Found a glowing golden altar of the Shining One.
  9793 | D:6      | Noticed an angel
  9801 | D:6      | Noticed a profane servitor
 10784 | D:6      | Reached skill level 7 in Dodging
 11879 | D:7      | Reached XP level 10. HP: 43/80 MP: 10/10
 11880 | D:7      | Found a sacrificial altar of Ru.
 12962 | D:8      | Reached skill level 9 in Unarmed Combat
 13118 | D:8      | Found a burning altar of Makhleb.
 13120 | D:8      | Noticed an Executioner
 13359 | D:8      | Found a stormy altar of Qazlal.
 13715 | D:8      | Found a sparkling altar of Nemelex Xobeh.
 14288 | D:9      | Reached skill level 10 in Unarmed Combat
 14970 | D:10     | Entered Level 10 of the Dungeon
 15858 | D:10     | Found a staircase to the Lair.
 15985 | D:10     | Noticed a hill giant
 16138 | D:10     | Found Uwot's Armour Shop.
 16142 | D:10     | Bought a +2 pair of boots for 214 gold pieces
 16213 | D:10     | Killed a hill giant
 16213 | D:10     | Reached skill level 11 in Unarmed Combat
 16322 | D:10     | Reached XP level 11. HP: 75/87 MP: 11/11
 16579 | D:10     | Reached skill level 9 in Fighting
 17660 | D:11     | Noticed a red ugly thing
 17685 | D:10     | Reached skill level 10 in Fighting
 18613 | D:11     | Noticed an orc knight
 18750 | D:11     | Reached skill level 11 in Fighting
 18895 | D:11     | Killed an orc knight
 18914 | D:11     | Found a roughly hewn altar of Beogh.
 18914 | D:11     | Found a staircase to the Orcish Mines.
 19010 | D:12     | Noticed a hill giant
 19019 | D:12     | Noticed a tengu warrior
 19048 | D:11     | Killed a hill giant
 19048 | D:11     | Reached skill level 8 in Dodging
 19991 | Orc:1    | Entered Level 1 of the Orcish Mines
 20007 | D:11     | Reached skill level 9 in Dodging
 20015 | Orc:1    | Noticed an orc sorcerer
 20037 | Orc:1    | Killed an orc sorcerer
 20951 | Orc:1    | Reached XP level 12. HP: 100/100 MP: 12/12
 21155 | Orc:1    | Found a roughly hewn altar of Beogh.
 21529 | Orc:2    | Entered Level 2 of the Orcish Mines
 21908 | Orc:2    | Noticed an orc high priest
 22105 | D:11     | Noticed a four-headed hydra
 22347 | Lair:1   | Entered Level 1 of the Lair of Beasts
 22380 | D:10     | Reached skill level 10 in Dodging
 25361 | Lair:1   | Reached skill level 11 in Dodging
 25882 | Lair:1   | Reached skill level 1 in Shields
 25918 | Lair:1   | Reached skill level 2 in Shields
 26347 | Lair:2   | Reached skill level 3 in Shields
 26354 | Lair:2   | Noticed a queen ant
 26386 | Lair:2   | Killed a queen ant
 26531 | Lair:2   | Reached skill level 4 in Shields
 27424 | Lair:2   | Got a fine lapis lazuli ring
 27440 | Lair:2   | Identified the ring "Hoipredy" {rPois rF+ rN+ Int-5 Stlth+} (You found it on level 2 of the Lair of Beasts)
 27792 | Lair:2   | Gained mutation: You are in touch with the powers of death. [Mummy growth]
 27792 | Lair:2   | Gained mutation: You can restore your body by infusing magical energy. [Mummy growth]
 27792 | Lair:2   | Reached XP level 13. HP: 93/107 MP: 13/13
 28069 | Lair:2   | Reached skill level 12 in Fighting
 28760 | Lair:3   | Noticed Gastronok
 30333 | Orc:1    | Noticed a stone giant
 30812 | Orc:2    | Noticed an orc warlord
 30952 | Orc:1    | Reached skill level 12 in Unarmed Combat
 34335 | Orc:2    | Found Xasanoklis's Antique Weapon Boutique.
 35113 | Lair:3   | Reached skill level 13 in Unarmed Combat
 35498 | Lair:3   | Found a shadowy altar of Dithmenos.
 35645 | Lair:2   | Reached skill level 5 in Shields
 36421 | Lair:4   | Found a staircase to the Snake Pit.
 36676 | Lair:4   | Reached skill level 6 in Shields
 37988 | Lair:4   | Reached skill level 7 in Shields
 38053 | Lair:4   | Reached XP level 14. HP: 114/115 MP: 14/14
 39004 | Lair:5   | Reached skill level 8 in Shields
 39770 | Lair:6   | Found a labyrinth entrance.
 39795 | Lab      | Entered a labyrinth
 44253 | Lair:6   | Reached skill level 9 in Shields
 45931 | Lair:7   | Found a staircase to the Slime Pits.
 45947 | Lair:7   | Reached skill level 10 in Shields
 47947 | Lair:8   | Entered Level 8 of the Lair of Beasts
 48111 | Lair:8   | Reached skill level 11 in Shields
 50316 | Lair:8   | Reached XP level 15. HP: 101/120 MP: 15/15
 51132 | Lair:8   | Reached skill level 12 in Shields
 52863 | Lair:3   | Found a staircase to the Swamp.
 53446 | Lair:2   | Killed Gastronok
 53933 | Orc:2    | Noticed Nessos
 54313 | D:11     | Reached skill level 12 in Dodging
 55769 | D:13     | Found a gate to the Vaults.
 56525 | D:13     | Noticed Maurice
 57075 | D:13     | Killed Maurice
 57075 | D:13     | Reached skill level 13 in Dodging
 57174 | D:14     | Noticed Rupert
 57955 | D:11     | Killed an orc warlord
 58110 | Orc:2    | Found Cozxadgh's Jewellery Shoppe.
 58524 | Orc:2    | Killed Nessos
 58524 | Orc:2    | Reached skill level 14 in Dodging
 58681 | Orc:2    | Noticed an orc warlord
 58793 | Orc:2    | Found Jurimp's General Store.
 58806 | Orc:2    | Found a staircase to the Elven Halls.
 58917 | Orc:2    | Found Gaxkamy's Antique Armour Shop.
 60164 | D:11     | Killed an orc warlord
 60438 | Orc:2    | Bought the ring "Nuryniva" {Fire MR+ Dex+3} for 746 gold pieces
 60438 | Orc:2    | Bought an uncursed ring of see invisible for 255 gold pieces
 60781 | D:14     | Noticed Snorg
 60853 | D:14     | Killed Snorg
 60853 | D:14     | Reached skill level 15 in Dodging
 61048 | D:14     | Noticed Maud
 61584 | D:13     | Killed Maud
 61848 | D:14     | Noticed Sonja
 61938 | D:13     | Killed Sonja
 62149 | D:15     | Entered Level 15 of the Dungeon
 62364 | D:15     | Found a sparkling altar of Nemelex Xobeh.
 62641 | D:15     | Reached XP level 16. HP: 124/129 MP: 16/16
 63166 | D:14     | Reached skill level 13 in Fighting
 64219 | D:15     | Found a staircase to the Depths.
 64856 | D:15     | Noticed Louise
 64991 | D:15     | Killed Louise
 65488 | Swamp:1  | Entered Level 1 of the Swamp
 66508 | Swamp:1  | Reached skill level 14 in Fighting
 67349 | Swamp:1  | Noticed Donald
 68691 | Snake:1  | Entered Level 1 of the Snake Pit
 68720 | Snake:1  | Noticed Azrael
 69567 | Snake:1  | Found a deep blue altar of Sif Muna.
 70781 | Snake:1  | Reached skill level 15 in Fighting
 73634 | Snake:2  | Noticed Frances
 73664 | Snake:1  | Killed Frances
 74139 | Snake:2  | Reached skill level 13 in Shields
 74905 | Orc:2    | Bought 3 scrolls of teleportation for 117 gold pieces
 77560 | Snake:2  | Reached XP level 17. HP: 42/142 MP: 17/17
 78836 | Snake:1  | Reached skill level 14 in Shields
 83001 | Snake:3  | Found Utuerr's Book Shoppe.
 83849 | Snake:3  | Reached skill level 15 in Shields
 83934 | Snake:3  | Killed from afar by a shock serpent

Skill      XL: |  1  2  3  4  5  6  7  8  9 10 11 12 13 14 15 16 17 |
---------------+----------------------------------------------------+-----
Unarmed Combat | 4 5 6 8 11 13 | 13.1
Fighting       | 6 7 8 11 12 15 | 15.0
Dodging        | 3 7 9 11 15 | 15.1
Shields        | 4 7 11 12 13 15 | 15.0
Stealth        | |  1.5

Action                   |  1- 3 |  4- 6 |  7- 9 | 10-12 | 13-15 | 16-18 || total
-------------------------+-------+-------+-------+-------+-------+-------++-------
Melee: Unarmed           |   126 |   370 |   848 |  1885 |  3955 |  2177 ||  9361
       Punch             |       |    15 |    33 |       |       |       ||    48
  Use: Scroll            |       |     6 |     2 |     6 |    17 |    17 ||    48
 Stab: Sleeping          |     4 |    12 |     4 |     7 |    18 |     7 ||    52
       Distracted        |       |       |       |     2 |     3 |     1 ||     6
Armor: Skin              |    30 |   101 |   178 |   143 |   337 |   104 ||   893
Dodge: Dodged            |    60 |   235 |   460 |  1254 |  2816 |  1805 ||  6630
Block: Buckler           |       |       |     4 |   461 |   278 |       ||   743
       Shield            |       |       |       |       |  1765 |  1050 ||  2815
       Large shield      |       |       |       |       |       |   683 ||   683

Table legend:
 A = Turns spent in this place as a percentage of turns spent in the entire game.
 B = Non-inter-level travel turns spent in this place as a percentage of non-inter-level travel turns spent in the entire game.
 C = Inter-level travel turns spent in this place as a percentage of turns spent in this place.
 D = Turns resting spent in this place as a percentage of non-inter-level travel turns spent in this place.
 E = Turns spent auto-exploring this place as a percentage of non-inter-level travel turns spent in this place.
 F = Non-inter-level travel turns spent in this place divided by the number of levels of this place that you've seen.
                   A       B       C       D       E      F
               +-------+-------+-------+-------+-------+----------------------
         Total | 100.0 | 100.0 |   0.3 |   2.7 |   1.6 | 1098.1
       Dungeon |  35.8 |  35.7 |   0.5 |   2.7 |   2.4 | 836.8
          Lair |  27.6 |  27.6 |   0.4 |   3.2 |   1.5 | 1211.1
         Swamp |   2.8 |   2.8 |   0.0 |   4.9 |   0.6 | 494.0
     Snake Pit |  12.7 |  12.7 |   0.1 |   3.8 |   1.6 | 1489.0
  Orcish Mines |   9.5 |   9.5 |   0.2 |   1.9 |   0.5 | 1664.5
     Labyrinth |   9.9 |   9.9 |   0.0 |   0.1 |   0.0 | 3490.0
         Sewer |   1.8 |   1.8 |   0.0 |   1.0 |   0.0 | 623.0
               +-------+-------+-------+-------+-------+----------------------

Table legend:
 A = Kills in this place as a percentage of kills in entire the game.
 B = Kills by you in this place as a percentage of kills by you in the entire game.
 C = Kills by friends in this place as a percentage of kills by friends in the entire game.
 D = Other kills in this place as a percentage of other kills in the entire game.
 E = Experience gained in this place as a percentage of experience gained in the entire game.
 F = Experience gained in this place divided by the number of levels of this place that you have seen.
                   A       B       C       D       E      F
               +-------+-------+-------+-------+-------+----------------------
         Total | 100.0 | 100.0 |  -nan | 100.0 | 100.0 | 7700.6
       Dungeon |  41.8 |  41.9 |  -nan |   0.0 |  26.6 | 4363.7
          Lair |  33.2 |  33.2 |  -nan |  33.3 |  34.8 | 10731.2
         Swamp |   1.8 |   1.7 |  -nan |  33.3 |   3.5 | 4330.0
     Snake Pit |   9.9 |   9.8 |  -nan |  33.3 |  27.1 | 22234.7
  Orcish Mines |   8.9 |   9.0 |  -nan |   0.0 |   7.9 | 9734.5
         Sewer |   4.4 |   4.4 |  -nan |   0.0 |   0.1 | 280.0
               +-------+-------+-------+-------+-------+----------------------
